 Dungeon Crawl Stone Soup version 0.21.1-1-g345015f (webtiles) character file.

1563 Mesmaeker13 the Grappler (level 8, -5/79 HPs)
             Began as a Troll Monk on Apr 7, 2018.
             Was a Priest of Trog.
             Slain by a wolf (9 damage)
             ... led by Grum
             ... on level 7 of the Dungeon.
             The game lasted 00:07:56 (6568 turns).

Mesmaeker13 the Grappler (Troll Monk)               Turns: 6568, Time: 00:07:56

Health: -5/79      AC:  5    Str: 21    XL:     8   Next: 58%
Magic:  7/7        EV: 12    Int:  6    God:    Trog [***...]
Gold:   504        SH:  0    Dex: 13    Spells: 7/7 levels left

rFire    . . .     SeeInvis .     - Unarmed
rCold    + . .     Gourm    +   (no shield)
rNeg     . . .     Faith    .   a - +0 robe
rPois    .         Spirit   .   (helmet restricted)
rElec    .         Reflect  .   (no cloak)
rCorr    .         Harm     .   (gloves unavailable)
MR       .....                  (boots unavailable)
Stlth    +++.......             (no amulet)
HPRegen  0.63/turn              g - ring of protection from cold
MPRegen  0.10/turn              q - ring of stealth

@: hasted, very quick
A: large, unfitting armour, claws 3, fast metabolism 3, gourmand, regeneration
1, shaggy fur 1, tough skin 2
a: Berserk, Trog's Hand, Burn Spellbooks, Renounce Religion


You were on level 7 of the Dungeon.
You worshipped Trog.
Trog was most pleased with you.
You were very full.

You visited 2 branches of the dungeon, and saw 9 of its levels.

You collected 504 gold pieces.

Inventory:

Missiles
 p - 4 large rocks (quivered)
Armour
 a - a +0 robe (worn)
Jewellery
 g - a ring of protection from cold (left claw)
 q - a ring of stealth (right claw)
Scrolls
 f - a scroll of fear
 h - 3 scrolls of remove curse
 i - a scroll of noise
 l - 3 scrolls of fog
 m - 5 scrolls of teleportation
 o - 2 scrolls of blinking
 u - a scroll of amnesia {unknown}
 v - a scroll of magic mapping {unknown}
 x - a scroll of enchant armour
 y - a scroll of enchant weapon {unknown}
Potions
 c - a potion of mutation
 d - a potion of flight {unknown}
 e - a potion of degeneration {unknown}
 j - a potion of might
 k - 2 potions of haste
 n - a potion of invisibility {unknown}
 r - a potion of heal wounds {unknown}
 t - a potion of curing {unknown}
Books
 s - a book of Flames

   Spells                             Type                      Level
   a - Flame Tongue                   Conjuration/Fire             1
   b - Throw Flame                    Conjuration/Fire             2
   c - Conjure Flame                  Conjuration/Fire             3
   d - Inner Flame                    Hexes/Fire                   3
   e - Sticky Flame                   Conjuration/Fire             4
   f - Fireball                       Conjuration/Fire             5
   Trog disapproves of the use of such an item.
Comestibles
 b - 12 rations


   Skills:
 + Level 4.7 Fighting
 - Level 0.5 Throwing
 + Level 5.2 Dodging
 - Level 1.0 Stealth
 + Level 8.4 Unarmed Combat


You had 7 spell levels left.
You didn't know any spells.

Dungeon Overview and Level Annotations

Branches:
Dungeon (8/15)             Temple (1/1) D:5
   Lair: D:8-11

Altars:
Ashenzari
Cheibriados
Elyvilon
Fedhas
Gozag
Hepliaklqana
Kikubaaqudgha
Nemelex Xobeh
Okawaru
Qazlal
Ru
Sif Muna
Trog
Uskayaw
Vehumet
Wu Jian
Xom
Yredelemnul
Zin
The Shining One

Shops:
D:6 %

Annotations:
D:7 Grum


Innate Abilities, Weirdness & Mutations

You are too large for most types of armour.
You have claws for hands.
Your metabolism is lightning-fast.
You like to eat raw meat.
Your natural rate of healing is unusually fast.
You are covered in fur. (AC +1)
You have very tough skin. (AC +2)


Message History

Trog accepts your kill.
Grum hits you from afar with an enchanted spear!
The wolf bites you. Grum hits you with an enchanted spear!
The wolf howls!
There is a stone staircase leading up, spattered with blood here.
The wolf bites you. x2; Grum hits you with an enchanted spear!!
* * * LOW HITPOINT WARNING * * *
You climb upwards.
There is a stone staircase leading down here.
You closely miss the wolf. The wolf completely misses you.
You feel yourself speed up. The wolf closely misses you.
Grum hits you with an enchanted spear!
* * * LOW HITPOINT WARNING * * *
The wolf closely misses you.
Grum hits you from afar with an enchanted spear.
* * * LOW HITPOINT WARNING * * *
The wolf barely misses you. The wolf barely misses you. The wolf bites you!
You die...

####....#
#..#.##......##'####.#
#....####..#..'...........##.#
#......##..#..#)).........##.#
#......##..#..#...........##.#
##.....##..#..#...........##..
#.....+...#..################
#.....#...#..######## #
#.....#...#.........# ###
#####....#...#.@.......# #.#
#.# ###..#...#.h.......# #..
#.######.#............(# #.#
#............g...####### #.#
##.######.[#......# #.# .#.#
#.?.......# #.# ...#
##+#.....### #.# .#.#
#....>...# #.. ...# #........#
###### ###


You could see Grum and a wolf.

Vanquished Creatures
  Eustachio (D:6)
  3 ogres
  A wolf (D:8)
  A centaur (D:7)
  A bullfrog (D:7)
  3 scorpions
  3 crimson imps
  2 hounds (D:6)
  3 orc priests (D:5)
  2 centaur skeletons
  6 orc wizards
  3 worker ants
  A hound zombie (D:3)
  A hound skeleton (D:5)
  A worker ant zombie (D:6)
  3 gnolls (D:7)
  5 adders
  2 shadow imps (D:6)
  2 adder skeletons
  An adder zombie (D:6)
  3 worms (D:3)
  4 leopard geckos
  19 orcs
  11 bats
  5 giant cockroaches
  4 goblins
  10 hobgoblins
  11 jackals
  7 kobolds
  A quokka (D:2)
  2 ball pythons (D:2)
  4 frilled lizards
  A quokka skeleton (D:5)
  A quokka zombie (D:6)
  11 rats
139 creatures vanquished.

Notes
Turn   | Place    | Note
-------+----------+-------------------------------------------
     0 | D:1      | Mesmaeker13 the Troll Monk began the quest for the Orb.
     0 | D:1      | Reached XP level 1. HP: 22/22 MP: 0/0
   184 | D:1      | Reached XP level 2. HP: 29/29 MP: 1/1
   770 | D:2      | Noticed an ogre
   772 | D:2      | Reached XP level 3. HP: 36/36 MP: 2/2
   833 | D:2      | Found a sacrificial altar of Ru.
  1601 | D:3      | Reached skill level 4 in Unarmed Combat
  1601 | D:3      | Reached XP level 4. HP: 44/44 MP: 3/3
  2093 | D:4      | Reached XP level 5. HP: 52/52 MP: 4/4
  2607 | D:4      | Noticed an ogre
  2615 | D:4      | Killed an ogre
  2615 | D:4      | Reached skill level 5 in Unarmed Combat
  2615 | D:4      | Reached XP level 6. HP: 61/61 MP: 5/5
  3004 | D:2      | Reached skill level 6 in Unarmed Combat
  3660 | D:5      | Entered Level 5 of the Dungeon
  3804 | D:5      | Found a staircase to the Ecumenical Temple.
  3835 | Temple   | Entered the Ecumenical Temple
  3866 | Temple   | Became a worshipper of Trog the Wrathful
  3866 | Temple   | Reached * piety under Trog
  3866 | Temple   | Reached ** piety under Trog
  4065 | D:5      | Reached XP level 7. HP: 66/67 MP: 6/6
  4546 | D:5      | Reached skill level 7 in Unarmed Combat
  4884 | D:6      | Found Oru Umocw's Food Shoppe.
  4971 | D:6      | Found a glowing golden altar of the Shining One.
  4971 | D:6      | Found a glowing silver altar of Zin.
  5015 | D:6      | Noticed Eustachio
  5025 | D:6      | Killed Eustachio
  5277 | D:6      | Found a shattered altar of Ashenzari.
  5401 | D:6      | Reached XP level 8. HP: 78/78 MP: 7/7
  5702 | D:7      | Reached skill level 8 in Unarmed Combat
  5915 | D:7      | Found a stormy altar of Qazlal.
  5939 | D:7      | Found a blossoming altar of Fedhas.
  5997 | D:7      | Found an iron altar of Okawaru.
  6041 | D:7      | Reached skill level 5 in Dodging
  6071 | D:7      | Reached *** piety under Trog
  6537 | D:8      | Noticed Grum
  6561 | D:7      | HP: 3/79 [Grum/enchanted spear (15)]
  6562 | D:7      | HP: 1/79 [Grum/enchanted spear (3)]
  6568 | D:7      | Slain by a wolf

Skill      XL: |  1  2  3  4  5  6  7  8 |
---------------+-------------------------+-----
Dodging        | 3 4 5 |  5.2
Unarmed Combat | 4 5 6 7 8 |  8.4
Fighting       | 3 4 |  4.7
Throwing       | |  0.5
Stealth        | |  1.0

Action                   |  1- 3 |  4- 6 |  7- 9 || total
-------------------------+-------+-------+-------++-------
Melee: Unarmed           |   126 |   131 |   137 ||   394
       Punch             |     1 |       |     5 ||     6
Throw: Large rock        |       |     4 |       ||     4
  Use: Scroll            |     4 |     1 |     7 ||    12
       Potion            |       |       |     1 ||     1
 Stab: Sleeping          |     2 |     4 |     6 ||    12
       Distracted        |       |       |     1 ||     1
  Eat: Chunk             |    20 |    19 |    26 ||    65
Armor: Robe              |    48 |    24 |    22 ||    94
Dodge: Dodged            |    77 |    57 |    68 ||   202
